[Event "Early-Titled-Tuesday-Blitz-March-05-2024"]
[Site "Chess.com"]
[Date "2024.03.05"]
[Round "2"]
[White "Pakarma"]
[Black "1mbl4"]
[Result "0-1"]
[WhiteElo "2358"]
[BlackElo "2604"]
[TimeControl "180+1"]
[EndTime "8:18:03 PST"]
[Termination "1mbl4 won by resignation"]

1. e4 c5 2. Nf3 Nc6 3. g3 g6 4. Bg2 Bg7 5. O-O e6 6. c3 Nge7 7. Qe2 O-O 8. Rd1 d5 9. exd5 exd5 10. d4 cxd4 11. Nxd4 Nxd4 12. cxd4 Nc6 13. Nc3 Nxd4 14.
Qf1 Be6 15. Be3 Nc2 16. Bc5 Nxa1 17. Bxf8 Qxf8 18. Rxa1 d4 19. Ne4 Rd8 20. Rd1 Qb4 21.
b3 a5 22. Ng5 Bd5 23. Qe2 Bxg2 24. Kxg2 h6 25. Nf3 a4 26. bxa4 Qxa4 27. Qe7 Qd7 28.
Qe4 Qc6 29. Qd3 Ra8 30. a3 Rd8 31. h4 Rc8 32. Kg1 Qd5 33. Rb1 Rc3 0-1

[Event "Early-Titled-Tuesday-Blitz-March-05-2024"]
[Site "Chess.com"]
[Date "2024.03.05"]
[Round "2"]
[White "Baku_Boulevard"]
[Black "jens1102"]
[Result "1-0"]
[WhiteElo "3073"]
[BlackElo "2630"]
[TimeControl "180+1"]
[EndTime "8:18:04 PST"]
[Termination "Baku_Boulevard won by resignation"]

1. e4 e5 2. Nf3 Nc6 3. Bc4 Bc5 4. c3 Nf6 5. d3 d6 6. Nbd2 a5 7. h3 Ba7 8. Nf1 O-O 9. Ng3 Be6 10. Bb5 Ne7 11. O-O c6 12. Ba4 b5 13. Bc2 Ng6 14. d4 a4 15. a3 h6 16. Be3 Qd7 17. Kh2 Rfe8 18. Qd2 Kh7 19. Rfe1 Rad8 20. Rad1 Bc4 21. Nf5 exd4 22. Bxh6 Nxe4 23. Rxe4 d3 24. Bxg7 Qxf5 25. Qh6+ Kg8 26. Rh4 f6 27. Qh7+ Kf7 28. Bh6+ Ke6 29. Qxa7 dxc2 30. Re1+ Qe5+ 31. Nxe5 dxe5 32. Rxc4 bxc4 33.
Qc5 Rd1 34. Qxc4+ Ke7 35. Re2 c1=Q 36. Bxc1 Rxc1 37. Qg4 Nf8 38. f4 Kd6 39. fxe5+ fxe5 40. Rd2+ Kc7 41. Qxa4 Ne6 42. Qa7+ Kc8 43. Qd7+ 1-0

[Event "Early-Titled-Tuesday-Blitz-March-05-2024"]
[Site "Chess.com"]
[Date "2024.03.05"]
[Round "2"]
[White "TimGrutter03"]
[Black "Msb2"]
[Result "0-1"]
[WhiteElo "2623"]
[BlackElo "3037"]
[TimeControl "180+1"]
[EndTime "8:18:04 PST"]
[Termination "Msb2 won on time"]

1. e4 e6 2. d4 d5 3. Nd2 c5 4.
exd5 Qxd5 5. Ngf3 cxd4 6. Bc4 Qd6 7. O-O Nf6 8. Nb3 Nc6 9. Nbxd4 Nxd4 10. Qxd4 Qxd4 11.
Nxd4 Bd7 12. Bf4 Rc8 13. Bb3 Bc5 14. Rad1 O-O 15. Be5 Rfd8 16. Rfe1 Be8 17. c3 Ng4 18. Bg3 Bxd4 19. Rxd4 Rxd4 20. cxd4 Nf6 21. h3 h6 22. Be5 Rd8 23. Bxf6 gxf6 24. d5 e5 25. Rc1 Kf8 26. Rc7 Rd7 27. Rc8 Ke7 28. Ba4 Rd8 29. Rc7+ Kd6 30.
Rxb7 Bxa4 31. Rxf7 Kxd5 32. Rxf6 Rd6 33. Rf7 a6 34. g4 Ke4 35. Kg2 Bb5 36. Kg3 Rd2 37. f3+ Kd4 38. Rf6 Rxb2 39. Rxh6 Rxa2 40. Rd6+ Kc5 41. Rd1 Ra3 42. Rc1+ Kd6 43. g5 e4 44. g6 Rxf3+ 45. Kg4 Rf2 46. h4 Ke6 47. h5 Be2+ 48. Kg5 Rf5+ 49. Kh6 Rxh5+ 50. Kg7 Rg5 51. Rc6+ Kf5 52. Rf6+ Ke5 0-1

[Event "Early-Titled-Tuesday-Blitz-March-05-2024"]
[Site "Chess.com"]
[Date "2024.03.05"]
[Round "2"]
[White "TheMagician"]
[Black "The_Straightforward_Rook"]
[Result "0-1"]
[WhiteElo "2174"]
[BlackElo "2463"]
[TimeControl "180+1"]
[EndTime "8:18:04 PST"]
[Termination "The_Straightforward_Rook won by checkmate"]

1. d4 d5 2. Nf3 Nf6 3. Bf4 e6 4. Nbd2 Bd6 5. Bg3 c5 6. e3 Qc7 7.
Ne5 Nbd7 8. f4 O-O 9. c3 Ne4 10.
Nxe4 dxe4 11. Qb1 cxd4 12. exd4 f5 13. a4 Bxe5 14. fxe5 Nb6 15. Qa2 Nd5 16. Bc4 Qc6 17.
Bxd5 exd5 18. Bf4 h6 19. h4 Qg6 20. g3 Be6 21. O-O-O Rac8 22. Qb3 Rf7 23. Qc2 Rfc7 24. Kb1 Qg4 25. h5 Rc4 26. Rdf1 a6 27. Rh4 b5 28. Rxg4 fxg4 29. axb5 axb5 30. Kc1 b4 31. Bd2 Ra8 32. b3 bxc3 33. bxc4 Ra1+ 34. Qb1 Rxb1+ 35.
Kxb1 cxd2 36. c5 e3 37. Kc2 e2 38. Rf2 d1=Q+ 39. Kc3 e1=Q+ 40. Rd2 Qexd2# 0-1

[Event "Early-Titled-Tuesday-Blitz-March-05-2024"]
[Site "Chess.com"]
[Date "2024.03.05"]
[Round "2"]
[White "epiclord678"]
[Black "AdrianaPalao"]
[Result "1-0"]
[WhiteElo "2423"]
[BlackElo "1931"]
[TimeControl "180+1"]
[EndTime "8:18:04 PST"]
[Termination "epiclord678 won by resignation"]

1. e4 e5 2. Nf3 d6 3. d4 Nd7 4.
Nc3 c6 5. Bc4 Be7 6. O-O Ngf6 7.
Re1 O-O 8. h3 Qc7 9. a4 b6 10.
Bb3 Bb7 11. Be3 a6 12. Qe2 b5 13. axb5 axb5 14. Nd2 Rxa1 15. Rxa1 b4 16. Na4 exd4 17.
Bxd4 c5 18. Be3 Nxe4 19. Nxe4 Bxe4 20. Bf4 Nf6 21. f3 Bc6 22. Nxc5 Re8 23. Nd3 Qb7 24. Qf2 d5 25. Re1 Rc8 26. Be5 Bb5 27. Qg3 Bxd3 28.
cxd3 Qb6+ 29. d4 Nh5 30. Qg4 Qg6 31. Qxc8+ 1-0

[Event "Early-Titled-Tuesday-Blitz-March-05-2024"]
[Site "Chess.com"]
[Date "2024.03.05"]
[Round "2"]
[White "amylazy"]
[Black "david_gomez"]
[Result "1-0"]
[WhiteElo "2395"]
[BlackElo "2629"]
[TimeControl "180+1"]
[EndTime "8:18:05 PST"]
[Termination "amylazy won by checkmate"]

1. d4 d5 2. Nf3 c5 3. e3 e6 4. Nbd2 Nc6 5. c3 Bd6 6. Bd3 f5 7. O-O Nf6 8. dxc5 Bxc5 9. Nb3 Bd6 10. c4 O-O 11. cxd5 Nxd5 12. Bd2 Qf6 13. Rc1 Ne5 14. Be2 Qh6 15. h3 Qf6 16. Nbd4 Nxf3+ 17. Bxf3 Bd7 18. Qb3 Nb6 19. Bxb7 Rab8 20. Bc6 Bc8 21. Qd1 e5 22. Nb5 Ba6 23. Re1 Bxb5 24. Bxb5 f4 25. exf4 Kh8 26. Bc3 Rbd8 27. fxe5 Qxf2+ 28. Kh1 Bxe5 29. Qe2 Bxc3 30. Rxc3 Qf6 31. Rf3 Qh4 32. Ref1 Rg8 33. Bd3 Qg5 34.
Rf5 Qg3 35. R1f3 Qd6 36. Rh5 g6 37. Rf7 gxh5 38. Rxh7# 1-0

[Event "Early-Titled-Tuesday-Blitz-March-05-2024"]
[Site "Chess.com"]
[Date "2024.03.05"]
[Round "2"]
[White "Viktor_Poddubnyi"]
[Black "Joachim100x"]
[Result "1/2-1/2"]
[WhiteElo "2269"]
[BlackElo "2483"]
[TimeControl "180+1"]
[EndTime "8:18:05 PST"]
[Termination "Game drawn - insufficient material"]

1. e4 c5 2. Nf3 e6 3. g3 d5 4.
exd5 exd5 5. d4 Nf6 6. Bg2 Nc6 7. O-O Bd6 8. dxc5 Bxc5 9. Re1+ Be6 10. Nc3 O-O 11.
Bg5 Be7 12. Nd4 Nxd4 13. Qxd4 h6 14. Bf4 a6 15. Rad1 Rc8 16. h3 Qa5 17. a3 Rfd8 18. Re2 Rc4 19. Qd2 d4 20. Ne4 Qxd2 21. Nxf6+ Bxf6 22. Rexd2 b5 23. c3 Bd5 24. Bxd5 Rxd5 25. Be3 Kf8 26. Bxd4 Bxd4 27. Rxd4 Rdxd4 28. Rxd4 Rc6 29. Rd7 Re6 30. Kf1 g5 31. Rd4 Ke7 32. a4 Rb6 33. axb5 Rxb5 34. b4 a5 35. bxa5 Rxa5 36.
h4 f6 37. Rd3 Ra2 38. hxg5 hxg5 39. g4 Ke6 40. Kg2 Rc2 41. Kf3 Ke5 42. Ke3 Rc1 43. Kd2 Rg1 44. f3 Ra1 45. c4 Ra2+ 46. Kc3 Ra3+ 47. Kc2 Ra1 48. c5 Ra5 49. Rc3 Ra7 50. c6 Rc7 51. Kd3 Kd5 52. Ke3 Rxc6 53. Rxc6 Kxc6 54. Ke4 Kd6 55. Kf5 Ke7 56. f4 gxf4 57.
Kxf4 Kf7 58. Kf5 Kg7 59. g5 fxg5 60. Kxg5 1/2-1/2

[Event "Early-Titled-Tuesday-Blitz-March-05-2024"]
[Site "Chess.com"]
[Date "2024.03.05"]
[Round "2"]
[White "NLLO777"]
[Black "FoggyMorning"]
[Result "0-1"]
[WhiteElo "2513"]
[BlackElo "2725"]
[TimeControl "180+1"]
[EndTime "8:18:06 PST"]
[Termination "FoggyMorning won on time"]

1. Nf3 d5 2. c4 e6 3. g3 Nf6 4. Bg2 Be7 5. O-O O-O 6. d4 a5 7. Qc2 c6 8. Nbd2 c5 9. cxd5 cxd4 10. Nxd4 exd5 11. N2f3 Na6 12. Rd1 Be6 13. Be3 Rc8 14.
Nxe6 fxe6 15. Qb3 Nc5 16. Qb5 Nfe4 17. Rac1 b6 18. Nd4 Qd6 19. a3 e5 20. Nb3 d4 21.
Nxc5 Nxc5 22. Bd2 Qf6 23. Be1 Kh8 24. Rc4 a4 25. Rdc1 Rcd8 26. Bf3 d3 27. Qc6 d2 28. Qxf6 Bxf6 29. Bxd2 Rxd2 0-1

[Event "Early-Titled-Tuesday-Blitz-March-05-2024"]
[Site "Chess.com"]
[Date "2024.03.05"]
[Round "2"]
[White "Road2GM3000"]
[Black "ChessFanNM"]
[Result "1-0"]
[WhiteElo "2506"]
[BlackElo "2266"]
[TimeControl "180+1"]
[EndTime "8:18:06 PST"]
[Termination "Road2GM3000 won on time"]

1. d4 d5 2. c4 e6 3. Nc3 Nf6 4. cxd5 Nxd5 5. Nf3 Nxc3 6. bxc3 c5 7. g3 cxd4 8. cxd4 Bb4+ 9. Bd2 Bxd2+ 10. Qxd2 O-O 11.
Bg2 Nd7 12. O-O Nf6 13. Ne5 Qd6 14. Rab1 Rb8 15. Rfd1 Rd8 16. e4 b6 17. Nxf7 Kxf7 18. e5 Qf8 19. exf6 gxf6 20. Be4 Bb7 21. Qd3 Qh6 22.
Rbc1 Rd7 23. Bxb7 Rbxb7 24. Rc8 Qg6 25. Qa3 Re7 26. Qd6 Qe4 27. Qd8 Kg6 28. Qg8+ Kh6 29. Qf8+ Kg6 30. h4 Qf3 31. Re1 Rbd7 32. Re8 Rf7 33. Qg8+ Kh6 34. R8xe6 Qf5 35. g4 Rg7 36.
g5+ Kh5 37. Qe8+ Kxh4 38. R6e4+ Kxg5 39. R1e3 1-0

[Event "Early-Titled-Tuesday-Blitz-March-05-2024"]
[Site "Chess.com"]
[Date "2024.03.05"]
[Round "2"]
[White "Rud_2008"]
[Black "andrzej"]
[Result "1-0"]
[WhiteElo "2732"]
[BlackElo "2524"]
[TimeControl "180+1"]
[EndTime "8:18:07 PST"]
[Termination "Rud_2008 won by checkmate"]

1. e4 e5 2. Nf3 Nf6 3. Nc3 Bb4 4. Bc4 Bxc3 5. dxc3 d6 6. Bg5 Nbd7 7. O-O h6 8.
Bh4 Qe7 9. Re1 Nc5 10. Nd2 a5 11. Bd3 Ne6 12. Nc4 g5 13. Bg3 Nf4 14. Ne3 Rg8 15. Bb5+ Kf8 16. f3 h5 17. h3 c6 18. Bf1 Be6 19. Qd2 Rd8 20. c4 g4 21. hxg4 hxg4 22.
Bxf4 exf4 23. Nf5 Qd7 24. Qxf4 Bxf5 25. exf5 Rh8 26. Qg5 Ng8 27. f6 Rh7 28. Bd3 Qc7 29. Bxh7 Qb6+ 30. Kh1 Nxf6 31. Qh6# 1-0

[Event "Early-Titled-Tuesday-Blitz-March-05-2024"]
[Site "Chess.com"]
[Date "2024.03.05"]
[Round "2"]
[White "Shuvalov"]
[Black "ClauSanLuis"]
[Result "1-0"]
[WhiteElo "2531"]
[BlackElo "2320"]
[TimeControl "180+1"]
[EndTime "8:18:07 PST"]
[Termination "Shuvalov won by resignation"]

1. d4 Nf6 2. c4 e6 3. Nc3 d5 4.
Nf3 c5 5. cxd5 exd5 6. Bg5 c4 7. g3 Bb4 8. Bg2 O-O 9. O-O Bxc3 10. bxc3 Bf5 11.
Ne5 Nc6 12. Qa4 Nxe5 13. dxe5 Qd7 14. Qxd7 Nxd7 15. Bxd5 Nxe5 16. Bxb7 Rab8 17. Bg2 Rb2 18. Rfe1 f6 19. Be3 a5 20. a4 Rfb8 21. Bd5+ Kh8 22.
Bd4 Bg4 23. f3 Bh5 24. Be4 g5 25. Rab1 Bg6 26. Rxb2 Rxb2 27. Bxg6 hxg6 28. Kf1 Kg7 29. Rd1 Nc6 30. Bf2 Ra2 31. Rd7+ Kh6 32. Rd6 Ne7 33.
Rxf6 Nd5 34. Rc6 Nxc3 35. Rxc4 Nxa4 36. Bd4 g4 37. f4 g5 38. f5 Kh5 39. Rc8 1-0

[Event "Early-Titled-Tuesday-Blitz-March-05-2024"]
[Site "Chess.com"]
[Date "2024.03.05"]
[Round "2"]
[White "Blitzstream"]
[Black "HajiyevKanan"]
[Result "1-0"]
[WhiteElo "2810"]
[BlackElo "2541"]
[TimeControl "180+1"]
[EndTime "8:18:09 PST"]
[Termination "Blitzstream won by resignation"]

1. e4 c6 2. c4 d5 3. cxd5 cxd5 4. exd5 Nf6 5. Nc3 Nxd5 6. Nf3 Nc6 7. Bc4 e6 8. d4 Be7 9. O-O O-O 10. Re1 Nf6 11.
Bg5 b6 12. d5 Nxd5 13. Bxd5 exd5 14. Qxd5 Bxg5 15. Nxg5 Qxd5 16. Nxd5 h6 17. Rac1 hxg5 18. Rxc6 Be6 19. Nc3 Rac8 20. Rxc8 Rxc8 21. f3 Rc5 22. Kf2 b5 23. a3 a5 24. Re4 Kf8 25. Ke3 Ke7 26. Rd4 Bc4 27. b4 axb4 28. axb4 Re5+ 29. Re4 Kd6 30. Kd4 f6 31. Rxe5 fxe5+ 32. Ke3 Ke6 33. Ne4 g4 34. fxg4 Kd5 35. Nc3+ Ke6 36. h4 Bf1 37. g3 Kd6 38. Ne4+ Kd5 39. g5 Kc4 40. Nd2+ Kxb4 41. Nxf1 Kc3 42. h5 b4 43. h6 gxh6 44. gxh6 b3 45. h7 b2 46. Nd2 b1=Q 47.
Nxb1+ 1-0

[Event "Early-Titled-Tuesday-Blitz-March-05-2024"]
[Site "Chess.com"]
[Date "2024.03.05"]
[Round "2"]
[White "PepeCuenca"]
[Black "ikhasu"]
[Result "0-1"]
[WhiteElo "2688"]
[BlackElo "2453"]
[TimeControl "180+1"]
[EndTime "8:18:10 PST"]
[Termination "ikhasu won by checkmate"]

1. d4 Nf6 2. Bf4 g6 3. Nc3 d5 4. e3 Bg7 5. h4 h6 6. Nf3 c6 7. Be2 Bf5 8. Ne5 h5 9. f3 Nbd7 10.
g4 hxg4 11. fxg4 Be4 12. Rh2 Qb6 13. Na4 Qb4+ 14. c3 Qa5 15. b4 Qd8 16. h5 gxh5 17. gxh5 Bh6 18. Qd2 Nxe5 19. Bxe5 Rg8 20. O-O-O a5 21.
b5 cxb5 22. Bxb5+ Kf8 23. Nc5 Qb6 24. a4 Rc8 25. Bxf6 Rxc5 26. dxc5 Qxf6 27. Kb2 Qe5 28.
Rf2 Qc7 29. Rdf1 f6 30. Rf4 Qxc5 31. R1f2 Bxf4 32. exf4 Rg1 33. Ka2 Ra1+ 34. Kb2 Qa3# 0-1

[Event "Early-Titled-Tuesday-Blitz-March-05-2024"]
[Site "Chess.com"]
[Date "2024.03.05"]
[Round "2"]
[White "tylityli"]
[Black "SergioMoralesG"]
[Result "0-1"]
[WhiteElo "2301"]
[BlackElo "2515"]
[TimeControl "180+1"]
[EndTime "8:18:10 PST"]
[Termination "SergioMoralesG won on time"]

1. d4 d5 2. c4 c6 3. cxd5 cxd5 4. Bf4 Nc6 5. e3 Nf6 6. Nc3 Bf5 7. Qb3 Na5 8. Qa4+ Bd7 9. Qc2 e6 10. Nf3 Rc8 11.
Bd3 Bb4 12. O-O O-O 13. Rac1 Bxc3 14. bxc3 Nc4 15. Bg5 h6 16. Bh4 Qe7 17. a4 Rc7 18. Qb3 Rfc8 19. Bg3 Na5 20. Qb2 Rc6 21. Ne5 Rb6 22.
Qa2 Be8 23. c4 dxc4 24. Nxc4 Nxc4 25. Bxc4 Qb4 26. Bb5 Rxc1 27. Rxc1 Bxb5 28. axb5 Rxb5 29. Qxa7 Qd2 30. Rf1 Rb2 31. Qb8+ Kh7 32. Qf8 Kg6 33.
Be5 b5 34. Bxf6 Kxf6 35. Qd8+ Kg6 36. Qh4 Qc2 37. h3 b4 0-1

[Event "Early-Titled-Tuesday-Blitz-March-05-2024"]
[Site "Chess.com"]
[Date "2024.03.05"]
[Round "2"]
[White "KuzubovYuriy"]
[Black "PositionalPanther"]
[Result "1-0"]
[WhiteElo "2983"]
[BlackElo "2611"]
[TimeControl "180+1"]
[EndTime "8:18:11 PST"]
[Termination "KuzubovYuriy won by resignation"]

1. d4 d5 2. c4 e6 3. Nc3 a6 4.
cxd5 exd5 5. Nf3 h6 6. Bf4 Nf6 7. e3 Bd6 8. Bd3 Bxf4 9. exf4 Bg4 10. Qe2+ Qe7 11. Qxe7+ Kxe7 12. Ne5 Bc8 13. Kd2 Re8 14. Rhe1 Kf8 15. f3 Nbd7 16. Rac1 c6 17. Na4 Rb8 18.
g4 Re7 19. h4 Ne8 20. f5 Kg8 21. Re2 f6 22. Ng6 Rxe2+ 23. Bxe2 Kf7 24. Bd3 Nf8 25. Re1 Nxg6 26. fxg6+ Kf8 27. Nb6 Nd6 28. a4 a5 29.
Kc3 h5 30. gxh5 Bh3 31. b4 axb4+ 32. Kxb4 Re8 33. Rxe8+ Kxe8 34. Kc5 Ke7 35. h6 gxh6 36. g7 Be6 37. Bh7 Ne8 38. g8=Q Bxg8 39. Bxg8 Ng7 40. a5 Nf5 41. h5 Nh4 42. Nc8+ Kd7 43. Nd6 Kc7 44. Nf7 Nxf3 45. Nxh6 Ng5 46. Kb4 Nf3 47. Nf5 Ng5 48. h6 b6 49. axb6+ Kxb6 50. h7 Nxh7 51. Bxh7 c5+ 52. dxc5+ Kc6 53. Nd4+ Kd7 54. Bf5+ Kc7 55. Kb5 1-0

[Event "Early-Titled-Tuesday-Blitz-March-05-2024"]
[Site "Chess.com"]
[Date "2024.03.05"]
[Round "2"]
[White "Chopper1905"]
[Black "Kielinkei"]
[Result "1-0"]
[WhiteElo "2956"]
[BlackElo "2608"]
[TimeControl "180+1"]
[EndTime "8:18:13 PST"]
[Termination "Chopper1905 won by checkmate"]

1. c4 e5 2. Nc3 Nc6 3. g3 g6 4. Bg2 Bg7 5. e3 Nge7 6. Nge2 O-O 7. O-O d6 8. b3 Be6 9. Ba3 Qd7 10. Re1 Rfe8 11. Nd5 Nd8 12. Rc1 c6 13. Nxe7+ Qxe7 14. d4 Qd7 15. Nc3 exd4 16. exd4 d5 17. cxd5 cxd5 18.
Bxd5 Nc6 19. Bxe6 Rxe6 20. Rxe6 fxe6 21. d5 Bxc3 22. dxc6 Qxd1+ 23. Rxd1 bxc6 24. Rc1 Bg7 25. Rxc6 e5 26. Ra6 e4 27. Bc5 Rc8 28. b4 Bf8 29.
Bxf8 Kxf8 30. Rxa7 Rc1+ 31. Kg2 Rc2 32. Kf1 e3 33. fxe3 Rxh2 34. b5 Rb2 35. a4 h5 36.
e4 g5 37. e5 h4 38. gxh4 gxh4 39.
e6 h3 40. Kg1 Rg2+ 41. Kh1 Re2 42. b6 Rxe6 43. Ra8+ Kg7 44. b7 Rg6 45. b8=Q Kh7 46. Qh8# 1-0

[Event "Early-Titled-Tuesday-Blitz-March-05-2024"]
[Site "Chess.com"]
[Date "2024.03.05"]
[Round "2"]
[White "Yan_Dyomin2010"]
[Black "schachlana"]
[Result "1-0"]
[WhiteElo "2698"]
[BlackElo "2385"]
[TimeControl "180+1"]
[EndTime "8:18:13 PST"]
[Termination "Yan_Dyomin2010 won by resignation"]

1. e4 c5 2. Nf3 e6 3. c3 d5 4. exd5 exd5 5. Bb5+ Nc6 6. O-O Nf6 7.
Re1+ Be7 8. Qe2 a6 9. Bxc6+ bxc6 10. d4 Ra7 11. dxc5 O-O 12. Be3 Re8 13. Qd3 Ne4 14. b4 Bf6 15. Nd4 Bd7 16. Nd2 a5 17. Nxe4 dxe4 18.
Qd2 Qa8 19. b5 Bxd4 20. cxd4 cxb5 21. d5 Bf5 22. c6 Rc7 23. Bf4 Ra7 24. Rac1 Ra6 25.
Rc5 b4 26. Rec1 e3 27. fxe3 Be4 28. c7 Qc8 29. d6 Bf5 30. d7 Bxd7 31. Qxd7 Qxd7 32.
c8=Q Qxc8 33. Rxc8 Re6 34. Rxe8+ Rxe8 35. Rc5 Ra8 36. Be5 a4 37. Rb5 b3 38. axb3 a3 39.
Rb8+ Rxb8 40. Bxb8 a2 41. Be5 Kf8 42. Ba1 Ke7 43. Kf2 Kd6 44. Ke2 Kc5 45. Kd3 Kb4 46. Kc2 Ka3 47. Kc3 g6 48. b4 Ka4 49. Kc4 1-0

[Event "Early-Titled-Tuesday-Blitz-March-05-2024"]
[Site "Chess.com"]
[Date "2024.03.05"]
[Round "2"]
[White "Hamisandwich"]
[Black "AccioChess"]
[Result "1-0"]
[WhiteElo "2602"]
[BlackElo "2351"]
[TimeControl "180+1"]
[EndTime "8:18:13 PST"]
[Termination "Hamisandwich won by resignation"]

1. c4 Nf6 2. Nc3 e5 3. Nf3 Nc6 4. g3 Bb4 5. Bg2 Bxc3 6. dxc3 h6 7. O-O d6 8. Ne1 Be6 9. b3 Qd7 10. Nc2 Bh3 11. Ne3 h5 12. Nd5 Bxg2 13. Kxg2 h4 14.
Rh1 h3+ 15. Kg1 Nxd5 16. Qxd5 O-O-O 17. f3 f5 18. Kf2 Qe7 19. b4 g5 20. a4 g4 21. a5 Nb8 22. Be3 a6 23. b5 f4 24. Ba7 fxg3+ 25. hxg3 Nd7 26. bxa6 bxa6 27. Qa8+ Nb8 28. Qxb8+ Kd7 29. Qb7 gxf3 30. exf3 Qg5 31. Be3 Qg6 32. Qe4 Qf6 33. c5 Rdf8 34. cxd6 cxd6 35.
Rad1 Qe6 36. c4 1-0

[Event "Early-Titled-Tuesday-Blitz-March-05-2024"]
[Site "Chess.com"]
[Date "2024.03.05"]
[Round "2"]
[White "AsselLesbekova"]
[Black "MathiasWomacka"]
[Result "0-1"]
[WhiteElo "2292"]
[BlackElo "2512"]
[TimeControl "180+1"]
[EndTime "8:18:13 PST"]
[Termination "MathiasWomacka won by resignation"]

1. e4 c5 2. Nf3 d6 3. d4 cxd4 4. Qxd4 Nc6 5. Qe3 Nf6 6. Nc3 g6 7. h3 Bg7 8. Be2 O-O 9. O-O a6 10. Rd1 b5 11. e5 Ne8 12. Nd5 Bf5 13. exd6 Nxd6 14. a4 Bxc2 15. axb5 Bxd1 16. bxc6 Bxe2 17. Qxe2 Nf5 18. Nb4 Qd6 19. Bd2 a5 20. Nc2 Qxc6 21.
Bxa5 Bxb2 22. Ra2 Bc3 23. Nb4 Bxb4 24. Bxb4 Rxa2 25. Qxa2 Qc1+ 26. Ne1 Rb8 27. Ba5 Qc5 28. Nd3 Qb5 29. Qd2 Nd6 30. Bc7 Rc8 31. Bxd6 exd6 32. Nf4 Qe5 33. h4 h5 34. g3 Rb8 35. Qc2 Rb2 36.
Qc8+ Kg7 37. Qc4 Qe1+ 38. Kh2 Qxf2+ 0-1

[Event "Early-Titled-Tuesday-Blitz-March-05-2024"]
[Site "Chess.com"]
[Date "2024.03.05"]
[Round "2"]
[White "stasOR4ik"]
[Black "enriquebutti"]
[Result "0-1"]
[WhiteElo "2440"]
[BlackElo "2160"]
[TimeControl "180+1"]
[EndTime "8:18:13 PST"]
[Termination "enriquebutti won by resignation"]

1. e4 c5 2. c3 e6 3. d4 d5 4.
dxc5 Bxc5 5. exd5 exd5 6. Nf3 Nc6 7. h3 Nge7 8. Bd3 O-O 9. O-O Nf5 10. Nbd2 Re8 11.
Nb3 Bb6 12. Qc2 g6 13. Bg5 f6 14. Bf4 Ne5 15. Nfd4 Nxd4 16. Nxd4 Bxd4 17. cxd4 Nxd3 18. Qxd3 Bf5 19. Qb3 Qd7 20. Rac1 Rac8 21. Kh2 Be6 22. Qb4 Rc4 23. Rxc4 dxc4 24. Re1 Qxd4 25. Qxb7 Qxf4+ 26.
Kg1 Qd4 27. Qa6 Qd7 28. Qa5 Bf7 29. Rxe8+ Bxe8 30. Qc5 Bf7 31. a3 Kg7 32. h4 h5 33.
g3 Qd2 34. g4 hxg4 35. Qxa7 Qxb2 36. a4 c3 37. Qd4 Qb1+ 38. Kg2 c2 39. h5 c1=Q 40.
hxg6 Qh1+ 41. Kg3 Qbg1+ 42. Kf4 Qhh2+ 43. Ke3 0-1

[Event "Early-Titled-Tuesday-Blitz-March-05-2024"]
[Site "Chess.com"]
[Date "2024.03.05"]
[Round "2"]
[White "Yushko_Olga"]
[Black "bescmelasti"]
[Result "0-1"]
[WhiteElo "2208"]
[BlackElo "2648"]
[TimeControl "180+1"]
[EndTime "8:18:14 PST"]
[Termination "bescmelasti won by resignation"]

1. d4 Nf6 2. c4 e6 3. Nc3 d5 4.
cxd5 exd5 5. Bg5 c6 6. e3 Be7 7. Bd3 h6 8. Bh4 O-O 9. Qc2 a5 10. Nge2 Na6 11. a3 Re8 12. O-O Nc7 13. Rfe1 Ne4 14.
Bxe7 Qxe7 15. Rab1 Bf5 16. f3 Nxc3 17. Nxc3 Bxd3 18.
Qxd3 Ne6 19. b4 axb4 20. axb4 Ra3 21. Qc2 Nc7 22. Qb2 Rea8 23. b5 cxb5 24. Nxb5 Rxe3 25.
Red1 Re2 26. Qc3 Nxb5 27. Rxb5 Raa2 28. Qc8+ Kh7 29. Qf5+ g6 30. Rxb7 Re1+ 0-1

[Event "Early-Titled-Tuesday-Blitz-March-05-2024"]
[Site "Chess.com"]
[Date "2024.03.05"]
[Round "2"]
[White "AA95"]
[Black "jasonbolivar"]
[Result "1-0"]
[WhiteElo "2513"]
[BlackElo "2296"]
[TimeControl "180+1"]
[EndTime "8:18:14 PST"]
[Termination "AA95 won on time"]

1. Nf3 Nf6 2. g3 g6 3. Bg2 Bg7 4. O-O O-O 5. d4 d5 6. c4 dxc4 7. Na3 a5 8. Nxc4 Be6 9. Nce5 Bd5 10. Bg5 Ne4 11. Be3 Nd6 12. Qc2 a4 13. Rac1 c6 14. a3 Bb3 15. Qb1 Bd5 16. Nd3 Nf5 17. Nc5 b6 18. Nd3 Nxe3 19. fxe3 Bh6 20. Nf4 Bxf3 21. Bxf3 e5 22. dxe5 Qe7 23. Qe4 Ra5 24. e6 fxe6 25. Nxe6 Re8 26. Bg4 c5 27. Rc3 Nd7 28. Qd5 Kh8 29.
Rd3 Nf6 30. Qe5 Bg7 31. Bh3 Nd7 32. Qxg7+ 1-0

[Event "Early-Titled-Tuesday-Blitz-March-05-2024"]
[Site "Chess.com"]
[Date "2024.03.05"]
[Round "2"]
[White "C_K_G"]
[Black "cristianserban1"]
[Result "0-1"]
[WhiteElo "2171"]
[BlackElo "2463"]
[TimeControl "180+1"]
[EndTime "8:18:14 PST"]
[Termination "cristianserban1 won on time"]

1. e4 c6 2. Nf3 d5 3. Nc3 g6 4. d4 dxe4 5. Nxe4 Bg7 6. c4 Nf6 7. Nxf6+ exf6 8. h3 O-O 9. Be2 b5 10. cxb5 cxb5 11. O-O a6 12. Bd2 Bb7 13. Bc3 Nd7 14.
a4 bxa4 15. Rxa4 Nb6 16. Ba5 Rb8 17. Rb4 Bxf3 18. Bxf3 Qd6 19. Qb3 Nd7 20. Rb7 Rxb7 21. Qxb7 Rb8 22. Qa7 Rxb2 23. Bc7 Qa3 24. Bf4 Qa4 25.
Re1 Bf8 26. Re8 Kg7 27. Qa8 Qxd4 28. Be3 Rb1+ 29. Kh2 Qd6+ 30. g3 Rb8 31. Qa7 Rxe8 32. Bf4 Qe6 33. Bg4 f5 34. Bf3 Bc5 35. Qc7 Bxf2 36.
Qc3+ Nf6 0-1

[Event "Early-Titled-Tuesday-Blitz-March-05-2024"]
[Site "Chess.com"]
[Date "2024.03.05"]
[Round "2"]
[White "Kolle05"]
[Black "TigrVShlyape"]
[Result "1/2-1/2"]
[WhiteElo "2586"]
[BlackElo "2870"]
[TimeControl "180+1"]
[EndTime "8:18:15 PST"]
[Termination "Game drawn by repetition"]

1. e4 c5 2. Nf3 e6 3. d4 cxd4 4. Nxd4 a6 5. c4 Nf6 6. Nc3 Qc7 7. Be2 Bb4 8. Qd3 Nc6 9. Nxc6 dxc6 10. O-O e5 11. a3 Bc5 12. b4 Bd4 13. Be3 Bxe3 14.
Qxe3 O-O 15. Rfd1 Be6 16. f3 Rfd8 17. Na4 Nd7 18. Rd2 b5 19. Nb2 Nb6 20. Rad1 Rxd2 21.
Rxd2 bxc4 22. Qc5 a5 23. Nxc4 Bxc4 24. Bxc4 axb4 25. axb4 Nxc4 26. Qxc4 g6 27. Qc5 Kg7 28. Rc2 Ra1+ 29. Kf2 Qb8 30. Rc4 Rb1 31. h4 Qb5 32. Qxc6 Qxc6 33. Rxc6 Rxb4 34. Rc5 Kf6 35. Rc6+ Ke7 36.
Rc5 Kd6 37. Ra5 Rb2+ 38. Kg3 h5 39. Ra7 Ke6 40. Ra6+ Ke7 41. Ra7+ Ke6 42. Ra6+ Ke7 43. Ra7+ Kf6 44. Ra6+ Kg7 45. Ra5 Kf6 46. Ra6+ Kg7 47. Ra5 Kf6 48. Ra6+ 1/2-1/2

[Event "Early-Titled-Tuesday-Blitz-March-05-2024"]
[Site "Chess.com"]
[Date "2024.03.05"]
[Round "2"]
[White "rdarruda"]
[Black "GianmarcoVaR"]
[Result "0-1"]
[WhiteElo "2527"]
[BlackElo "2752"]
[TimeControl "180+1"]
[EndTime "8:18:15 PST"]
[Termination "GianmarcoVaR won by resignation"]

1. d4 Nf6 2. Nf3 g6 3. Nc3 Bg7 4. e4 d6 5. Bg5 Bg4 6. Be2 Nc6 7.
d5 Bxf3 8. Bxf3 Ne5 9. Be2 h6 10. Bh4 g5 11. Bg3 Ng6 12. h4 c6 13. hxg5 hxg5 14.
Rxh8+ Bxh8 15. Qd2 Qb6 16. Rb1 cxd5 17. Nxd5 Nxd5 18. Qxd5 Be5 19. Bxe5 Nxe5 20. Qb5+ Qxb5 21. Bxb5+ Kf8 22. Ke2 Rc8 23. c3 Kg7 24. Rh1 Rc5 25.
Ba4 b5 26. Bb3 a5 27. Rd1 a4 28. Bc2 a3 29. bxa3 Rxc3 30. Bb3 Rc5 31. a4 bxa4 32. Bxa4 Rc4 33. Bb3 Rxe4+ 34. Kf1 Rh4 35. Ke2 Kf6 36. Rd5 Rb4 37. f3 g4 38. Rd1 gxf3+ 39. gxf3 Rh4 40. Ke3 Rh2 41. a4 Rb2 42. Bd5 e6 43. Ba8 d5 44. f4 Nc4+ 45. Kd4 Nb6 46. Bc6 Nxa4 0-1